 Dungeon Crawl Stone Soup version 0.24-a0-525-g9231cdc (webtiles) character file.

Game seed: 10165345920728026322

9827 HarryHood the Basher (level 11, -15/145 HPs)
             Began as a Minotaur Berserker on Aug 3, 2019.
             Was a High Priest of Trog.
             Demolished by a death yak (23 damage)
             ... on level 10 of the Dungeon.
             The game lasted 00:52:26 (9946 turns).

HarryHood the Basher (Minotaur Berserker)           Turns: 9946, Time: 00:52:27

Health: -15/145    AC: 10    Str: 30    XL:     11   Next: 28%
Magic:  10/10      EV: 11    Int:  4    God:    Trog [*****.]
Gold:   694        SH: 19    Dex: 12    Spells: 10/10 levels left

rFire    + . .     SeeInvis .   a - +1 flail
rCold    + + .     Gourm    +   s - +1 large shield
rNeg     . . .     Faith    .   x - +3 leather armour of Defiance {rElec rC+ rCorr Stlth+}
rPois    .         Spirit   .   (helmet restricted)
rElec    +         Reflect  .   G - scarf {rC+ rF+}
rCorr    +         Harm     .   (no gloves)
MR       .....                  v - +2 pair of boots
Stlth    ..........             u - amulet of the gourmand
HPRegen  0.34/turn              H - +2 ring of evasion
MPRegen  0.12/turn              D - +2 ring of dexterity

@: berserking, very quick
A: retaliatory headbutt, horns 2
a: Berserk, Trog's Hand, Brothers in Arms, Renounce Religion


You were on level 10 of the Dungeon.
You worshipped Trog.
Trog was extremely pleased with you.
You were very full.

You visited 2 branches of the dungeon, and saw 11 of its levels.
You also visited: Sewer.

You collected 806 gold pieces.
You spent 112 gold pieces at shops.

Inventory:

Hand Weapons
 a - a +1 flail (weapon)
 b - a +0 hunting sling
Missiles
 i - 160 sling bullets (quivered)
 j - 211 stones
 l - 15 boomerangs
Armour
 g - a +2 chain mail of cold resistance
 s - a +1 large shield (worn)
 v - a +2 pair of boots (worn)
 x - the +3 leather armour of Defiance (worn) {rElec rC+ rCorr Stlth+}
   (You found it on level 5 of the Dungeon)

   It protects you from cold.
   It insulates you from electricity.
   It provides partial protection from all sources of acid and corrosion.
   It makes you more stealthy.
 B - the +1 leather armour of the Bagpipe {Regen+ Int+4 Stlth+}
   (You found it on level 6 of the Dungeon)

   It affects your intelligence (+4).
   It increases your rate of regeneration.
   It makes you more stealthy.
 G - a scarf of resistance (worn)
Jewellery
 u - an amulet of the gourmand (around neck)
 z - an uncursed ring of protection from cold
 D - a +2 ring of dexterity (right hand)
 F - an uncursed amulet of the acrobat
 H - a +2 ring of evasion (left hand)
Scrolls
 c - 8 scrolls of teleportation {@r0}
 d - 2 scrolls of magic mapping {@r5}
 h - 2 scrolls of remove curse {@r1}
 q - a scroll of fear
 r - 2 scrolls of identify
 y - a scroll of fog
Potions
 f - 3 potions of brilliance
 k - a potion of haste
 m - a potion of cancellation
 p - 4 potions of might
 t - 4 potions of curing {@q2}
 w - 3 potions of heal wounds {@q1}
 A - 2 potions of agility
 C - a potion of flight
Comestibles
 e - 14 rations {@e1}
 o - 17 chunks of flesh


   Skills:
 - Level 9.2 Fighting
 + Level 13.4 Maces & Flails
 - Level 6.0 Slings
 - Level 9.0 Armour
 - Level 2.1 Dodging
 - Level 9.0 Shields


You had 10 spell levels left.
You didn't know any spells.
Your spell library was empty.

Dungeon Overview and Level Annotations

Branches:
Dungeon (10/15)            Temple (1/1) D:5             Orc (0/2) D:9
   Lair: D:8-11

Altars:
Cheibriados
Dithmenos
Gozag
Uskayaw
Wu Jian

Shops:
D:4 [   D:9 [


Innate Abilities, Weirdness & Mutations

You reflexively headbutt those who attack you in melee.
You have a pair of horns on your head.


Message History

You hit the death yak but do no damage. You headbutt the death yak!
You kill the death yak!
Trog accepts your kill.
Training target 9.0 for Fighting reached!
Your Fighting skill increases to level 9!
You hit the death yak. The death yak gores you!!
* * * LOW HITPOINT WARNING * * *
You take 26 damage, and have 22/97 hp.
MASSIVE DAMAGE!!
A red film seems to cover your vision as you go berserk!
You feel yourself moving faster!
You feel mighty! The death yak gores you!!
* * * LOW HITPOINT WARNING * * *
You now have 7/145 hp.
Your shield prevents you from hitting the death yak.
Your headbutt misses the death yak.
You are too berserk!
Your shield prevents you from hitting the death yak.
You block the death yak's attack.
You sock the death yak! You sock the death yak! You headbutt the death yak!
The death yak gores you!!
You die...

##..........+ .
#...........# .Y
##....##....###+####...
##....##...............
#.....#................
#<....#................
#.....#.....##.........
##....##....##r........
##....##....@YYh....#..
#.....##....##.......#
#.....#######..........
#......# #......(###
##....## #########
######


You could see 2 death yaks, a porcupine and a jackal.

Vanquished Creatures
  Harold (D:7)
  A two-headed ogre (D:9)
  A death yak (D:10)
  The ghost of archon2 the Basher, a novice DgFi (D:8)
  The ghost of SizzlinSam the Slicer, a novice HaFi of Okawaru (D:7)
  A moth of wrath (D:8)
  A merfolk (D:9)
  Sigmund (D:6)
  6 yaks (D:9)
  Grum (D:8)
  A water moccasin (D:9)
  6 orc warriors
  Duvessa (D:6)
  An ice beast (D:8)
  2 sky beasts
  A phantom (D:9)
  3 ogres
  3 wolves (D:8)
  2 centaurs
  6 bullfrogs
  2 big kobolds
  2 elf zombies (D:5)
  Dowan (D:6)
  4 elf skeletons (D:5)
  2 scorpions
  A wyvern skeleton (D:9)
  8 killer bees
  A howler monkey (D:5)
  A crimson imp (D:7)
  A human zombie (D:5)
  2 jellies
  2 bullfrog skeletons (D:4)
  4 hounds
  10 orc priests
  3 centaur skeletons
  Jessica (D:3)
  A human skeleton (D:5)
  4 iguanas
  8 orc wizards
  6 worker ants
  A killer bee zombie (D:8)
  A hound skeleton (D:6)
  2 worker ant zombies
  8 gnolls
  7 river rats
  19 adders
  2 shadow imps
  3 oozes
  9 worms
  2 dart slugs (D:1)
  6 leopard geckos
  40 orcs
  6 ball pythons
  5 bats
  6 giant cockroaches
  3 hobgoblins (D:2)
  2 jackals (D:1)
  3 quokkas
  6 frilled lizards
  7 goblins
  A jackal skeleton (D:5)
  15 kobolds
  A leopard gecko skeleton (D:4)
  2 orc skeletons (D:5)
  An orc zombie (D:5)
  A quokka skeleton (D:4)
  A quokka zombie (D:7)
  18 rats
283 creatures vanquished.

Vanquished Creatures (collateral kills)
  A hippogriff (D:8)
  A water moccasin (D:8)
2 creatures vanquished.

Grand Total: 285 creatures vanquished

Notes
Turn   | Place    | Note
-------+----------+-------------------------------------------
     0 | D:1      | HarryHood the Minotaur Berserker began the quest for the
                  | Orb.
     0 | D:1      | Reached XP level 1. HP: 19/19 MP: 0/0
    44 | D:1      | Reached skill level 4 in Fighting
    95 | D:1      | Reached XP level 2. HP: 28/28 MP: 1/1
   817 | D:2      | Reached skill level 5 in Fighting
   839 | D:2      | Reached ** piety under Trog
   858 | D:2      | Reached XP level 3. HP: 36/36 MP: 2/2
  1665 | D:3      | Reached skill level 6 in Fighting
  1665 | D:3      | Reached XP level 4. HP: 39/44 MP: 3/3
  1671 | D:3      | Reached skill level 4 in Maces & Flails
  1826 | D:3      | Reached XP level 5. HP: 41/50 MP: 4/4
  1827 | D:3      | Reached skill level 5 in Maces & Flails
  2004 | D:3      | Reached skill level 6 in Maces & Flails
  2351 | D:3      | Noticed Jessica
  2372 | D:3      | Killed Jessica
  2628 | D:4      | Found Difyfu's Antique Armour Shoppe.
  2632 | D:4      | Noticed an ogre
  2640 | D:4      | Killed an ogre
  2640 | D:4      | Reached skill level 3 in Armour
  2640 | D:4      | Reached XP level 6. HP: 40/57 MP: 5/5
  2750 | D:4      | Reached skill level 4 in Armour
  2771 | D:4      | Reached *** piety under Trog
  2899 | D:4      | Found a glowing drain.
  2907 | Sewer    | Entered a sewer
  3215 | Sewer    | Reached skill level 5 in Armour
  3221 | Sewer    | Reached skill level 7 in Maces & Flails
  3221 | Sewer    | Reached XP level 7. HP: 49/63 MP: 6/6
  3500 | D:4      | Bought a large shield for 112 gold pieces
  3526 | D:4      | Found a shadowy altar of Dithmenos.
  3554 | D:4      | You fall into a shaft and drop 2 floors!
  3591 | D:5      | Entered Level 5 of the Dungeon
  3689 | D:5      | Found a staircase to the Ecumenical Temple.
  3703 | Temple   | Entered the Ecumenical Temple
  3726 | D:5      | Reached skill level 6 in Armour
  3830 | D:5      | Got a fine leather armour
  3850 | D:5      | Reached skill level 1 in Shields
  3866 | D:5      | Reached skill level 2 in Shields
  3889 | D:5      | Reached **** piety under Trog
  3918 | D:5      | Reached skill level 3 in Shields
  4292 | D:5      | Reached skill level 8 in Maces & Flails
  4292 | D:5      | Reached XP level 8. HP: 70/70 MP: 7/7
  4343 | D:5      | Reached skill level 4 in Shields
  4481 | D:5      | Reached skill level 5 in Shields
  4539 | D:5      | Reached skill level 6 in Shields
  4657 | D:4      | Reached skill level 9 in Maces & Flails
  4687 | D:4      | Reached skill level 7 in Armour
  4883 | D:4      | You fall into a shaft and drop 3 floors!
  4911 | D:6      | Reached ***** piety under Trog
  5161 | D:4      | Reached skill level 8 in Armour
  5537 | D:6      | Noticed Sigmund
  5546 | D:6      | Killed Sigmund
  5546 | D:6      | Reached XP level 9. HP: 75/75 MP: 8/8
  5551 | D:6      | Got a faintly glowing leather armour
  5785 | D:6      | Noticed Dowan
  5787 | D:6      | Noticed Duvessa
  5795 | D:6      | Killed Duvessa
  5802 | D:6      | Killed Dowan
  5802 | D:6      | Reached skill level 9 in Armour
  5923 | D:6      | Identified the +3 leather armour of Defiance {rElec rC+
                  | rCorr Stlth+} (You found it on level 5 of the Dungeon)
  5924 | D:6      | Identified the cursed +1 leather armour of the Bagpipe
                  | {Regen+ Int+4 Stlth+} (You found it on level 6 of the
                  | Dungeon)
  6050 | D:7      | Reached skill level 10 in Maces & Flails
  6144 | D:7      | Reached skill level 7 in Shields
  6290 | D:7      | Noticed Harold
  6310 | D:7      | Killed Harold
  6310 | D:7      | Reached skill level 9 in Shields
  6481 | D:7      | Found a runed translucent door.
  6484 | D:7      | Noticed SizzlinSam's ghost (novice HaFi)
  6512 | D:7      | Killed SizzlinSam's ghost
  6512 | D:7      | Reached skill level 11 in Maces & Flails
  6512 | D:7      | Reached XP level 10. HP: 38/83 MP: 9/9
  7016 | D:8      | Reached skill level 12 in Maces & Flails
  7026 | D:8      | Noticed Grum
  7042 | D:8      | Reached skill level 1 in Slings
  7047 | D:8      | Reached skill level 2 in Slings
  7051 | D:8      | Killed Grum
  7228 | D:8      | Found an opulent altar of Gozag.
  7441 | D:8      | Found a transporter.
  7446 | D:8      | Noticed archon2's ghost (novice DgFi)
  7446 | D:8      | Noticed a moth of wrath
  7464 | D:8      | Reached skill level 3 in Slings
  7914 | D:8      | Reached skill level 4 in Slings
  8103 | D:8      | Found a transporter.
  8276 | D:8      | Killed archon2's ghost
  8276 | D:8      | Reached skill level 5 in Slings
  8277 | D:8      | Killed a moth of wrath
  8281 | D:8      | Reached skill level 6 in Slings
  8826 | D:9      | Found Mennuopp's Armour Shoppe.
  8826 | D:9      | Found a staircase to the Orcish Mines.
  8850 | D:9      | Noticed a two-headed ogre
  8858 | D:9      | Killed a two-headed ogre
  8858 | D:9      | Reached skill level 7 in Fighting
  8858 | D:9      | Reached skill level 13 in Maces & Flails
  8917 | D:9      | Reached XP level 11. HP: 92/92 MP: 10/10
  9170 | D:9      | Received a gift from Trog
  9420 | D:9      | Reached skill level 8 in Fighting
  9896 | D:10     | Entered Level 10 of the Dungeon
  9922 | D:10     | Noticed a death yak
  9922 | D:10     | Noticed a death yak
  9934 | D:10     | Noticed a death yak
  9940 | D:10     | Killed a death yak
  9940 | D:10     | Reached skill level 9 in Fighting
  9942 | D:10     | HP: 7/145 [death yak (26)]
  9946 | D:10     | Demolished by a death yak

Levels and vault maps discovered:
D:1:      tarquinn_simple_flora_water_d, layout_basic
D:2:      layout_loops_corners, minmay_tree_intersection
D:3:      layout_basic, serial_rivers, chequers_serial_rivers_micro_a,
          chequers_serial_rivers_large_a, chequers_serial_rivers_micro_b,
          chequers_serial_rivers_micro_d, uniq_jessica
D:4:      minmay_polygon_palace, layout_basic, nicolae_dithmenos_shadow_blocks,
          serial_shops, shop, lightli_sewer_entry_pipes, first_ration,
          hangedman_feature_mirror
D:5:      layout_loops_corners, minmay_temple_entry_tees,
          nicolae_ossuary_entry_catacombs, minmay_circle_x
D:6:      layout_loops_ring, grunt_ministairs_12, uniq_sigmund, uniq_duvessa
D:7:      layout_rooms, gammafunk_ghost_grave, uniq_harold
D:8:      layout_layer_cave, gammafunk_ghost_berserking_beasts, basic_altar,
          uniq_grum
D:9:      layout_roguey, orc_david_3, hangedman_fish_farm,
          kennysheep_generic_room_4
D:10:     layout_gridville, dpeg_lair_monsters, basic_altar,
          fedhas_altar_fruit_tree
Temple:   nicolae_temple_the_god_donut

Skill      XL: |  1  2  3  4  5  6  7  8  9 10 11 |
---------------+----------------------------------+-----
Fighting       | 4 5 6 7 9 |  9.2
Maces & Flails | 4 6 7 8 9 11 13 | 13.4
Armour         | 3 5 6 8 9 |  9.0
Shields        | 3 6 9 |  9.0
Slings         | 6 |  6.0
Dodging        | |  2.1

Action                   |  1- 3 |  4- 6 |  7- 9 | 10-12 || total
-------------------------+-------+-------+-------+-------++-------
Melee: Mace              |    82 |    18 |       |       ||   100
       Headbutt          |     8 |    30 |   101 |    61 ||   200
       Flail             |       |   147 |   442 |   267 ||   856
Invok: Berserk           |       |       |     2 |     2 ||     4
       Brothers in Arms  |       |       |       |     1 ||     1
  Use: Scroll            |     6 |     9 |     9 |     6 ||    30
 Stab: Sleeping          |     1 |       |     1 |     4 ||     6
       Distracted        |       |       |       |     1 ||     1
  Eat: Chunk             |     2 |     6 |    30 |    13 ||    51
Armor: Animal skin       |    14 |       |       |       ||    14
       Chain mail        |    15 |    92 |    95 |       ||   202
       Leather armour    |       |       |    11 |    43 ||    54
Dodge: Dodged            |    34 |    47 |    37 |    49 ||   167
Block: Large shield      |       |       |   228 |   188 ||   416

Table legend:
 A = Non-vault XP
 B = Vault XP
 C = Vault XP percentage of total XP
 D = Non-vault monster count
 E = Vault monster count
 F = Vault count percentage of total count
                 A         B        C        D         E       F
            +---------+---------+-------+---------+---------+-------
      Total |    6886 |    7153 |  51.0 |     197 |      88 |  30.9
            +---------+---------+-------+---------+---------+-------
        D:1 |      32 |       0 |   0.0 |      17 |       0 |   0.0
        D:2 |      52 |       0 |   0.0 |      23 |       0 |   0.0
        D:3 |     255 |      37 |  12.7 |      25 |       1 |   3.8
        D:4 |     575 |     223 |  27.9 |      28 |      24 |  46.2
        D:5 |     265 |     897 |  77.2 |      15 |      18 |  54.5
        D:6 |     379 |     432 |  53.3 |       9 |       3 |  25.0
        D:7 |     861 |    1695 |  66.3 |      28 |       2 |   6.7
        D:8 |    1412 |    2062 |  59.4 |      22 |       9 |  29.0
        D:9 |    3055 |     708 |  18.8 |      30 |       8 |  21.1
       D:10 |       0 |     876 | 100.0 |       0 |       1 | 100.0
      Sewer |       0 |     223 | 100.0 |       0 |      22 | 100.0
            +---------+---------+-------+---------+---------+-------
